 Dungeon Crawl Stone Soup version 0.29.0-15-g675c0067aa (webtiles) character file.

Game seed: 13437648206764718068

37 qw the Chopper (level 3, -1/31 HPs)
             Began as a Minotaur Berserker on Sept 12, 2022.
             Was a Follower of Trog.
             Succumbed to a goblin's poison
             ... on level 2 of the Dungeon.
             The game lasted 00:00:27 (1975 turns).

qw the Chopper (Minotaur Berserker)                 Turns: 1975, Time: 00:00:28

Health: -1/31      AC:  4    Str: 23    XL:     3   Next: 23%
Magic:  2/2        EV: 11    Int:  4    God:    Trog [*.....]
Gold:   50         SH:  0    Dex:  9    Spells: 2/2 levels left

rFire   . . .      SeeInvis +   Y - +0 hand axe
rCold   . . .      Faith    .   (no shield)
rNeg    . . .      Spirit   .   h - +0 leather armour
rPois   .          Reflect  .   (helmet restricted)
rElec   .          Harm     .   f - +0 cloak
rCorr   .          Rampage  .   (no gloves)
Will    .....                   (no boots)
Stlth   +.........              (no amulet)
HPRegen 0.10/turn               e - ring of see invisible
MPRegen 0.08/turn               (no ring)

@: lethally poisoned (-1 -> -11), on berserk cooldown, slowed, very slow
A: horns 2, retaliatory headbutt
a: Renounce Religion, Berserk


You were on level 2 of the Dungeon.
You worshipped Trog.
Trog was aware of your devotion.
You visited 1 branch of the dungeon, and saw 2 of its levels.

You collected 50 gold pieces.


Innate Abilities, Weirdness & Mutations

You have a pair of horns on your head.
You reflexively headbutt those who attack you in melee.


   Skills:
 - Level 3.6 Fighting
 + Level 5.3 Axes
 - Level 2.4 Armour
 - Level 2.1 Dodging


You had 2 spell levels left.
You didn't know any spells.
Your spell library was empty.

Inventory:

Hand Weapons
 c - a +0 mace
 Y - a +0 hand axe (weapon)
Armour
 f - a +0 cloak (worn)
 h - a +0 leather armour (worn)
Jewellery
 e - a ring of see invisible (left hand)
Potions
 d - a potion of curing {unknown}

Dungeon Overview and Level Annotations

Branches:
Dungeon (2/15)

Altars:


Message History

You are poisoned.
You completely miss the endoplasm. You barely miss the goblin.
You feel sick. The endoplasm freezes you.
You are frozen.
The goblin hits you with a +1 dagger of venom.
You hit the endoplasm.
The endoplasm is lightly wounded.
You hit the goblin.
You feel sick. The endoplasm freezes you.
You are frozen.
The goblin hits you but does no damage.
You are lethally poisoned!
1969 ||| INVOKING Berserk.
A red film seems to cover your vision as you go berserk!
You feel yourself moving faster!
You feel mighty!
You feel very sick. The endoplasm barely misses you. You furiously retaliate!
You headbutt the endoplasm!!
You kill the endoplasm!
Trog accepts your kill.
The goblin hits you with a +1 dagger of venom.
You are lethally poisoned!
You slice the goblin!!
You kill the goblin!
Trog accepts your kill.
You feel very sick.
There is a lethal amount of poison in your body!
You feel very sick.
There is a lethal amount of poison in your body!
You feel a strong urge to attack something.
You feel very sick.
There is a lethal amount of poison in your body!
You feel sick.
There is a lethal amount of poison in your body!
You feel your anger nearly subside.
You are no longer berserk.
You are exhausted.
You feel yourself slow down.
You feel sick.
There is a lethal amount of poison in your body!
You die...

#..... #....#
#....# #....# .
#....# .
<.##....# ..
..:....)# ...
.......@# ....
........###.....
..........'.....
####.....##....
#.###.# ..
#.###.# #.#...#
#.#.### #.#.#


There were no monsters in sight!

Vanquished Creatures
  A dart slug (D:1)
  6 bats (D:1)
  3 endoplasms
  A giant cockroach (D:1)
  8 goblins
  A hobgoblin (D:1)
  2 ball pythons (D:2)
  5 frilled lizards (D:1)
  3 kobolds (D:1)
  2 rats (D:1)
32 creatures vanquished.

Notes
Turn   | Place    | Note
-------+----------+-------------------------------------------
     0 | D:1      | qw the Minotaur Berserker began the quest for the Orb.
     0 | D:1      | Reached XP level 1. HP: 19/19 MP: 0/0
     0 | D:1      | 0 ||| qw: Version: 0.1-a-119-g272c26d
     0 | D:1      | 0 ||| qw: Game counter: 11041
     0 | D:1      | 0 ||| qw: Always use a shield: true
     0 | D:1      | 0 ||| qw: Do Orc after D:15 true
     0 | D:1      | 0 ||| qw: Do second Lair branch before Depths: true
     0 | D:1      | 0 ||| qw: Lair rune preference: random
     0 | D:1      | 0 ||| qw: Plans: Normal
     0 | D:1      | 0 ||| PLANNING D:1-11
    41 | D:1      | 41 ||| INVOKING Berserk.
   277 | D:1      | Reached skill level 4 in Axes
   290 | D:1      | 290 ||| Stepping ~*~*~tactically~*~*~ (stealth).
   565 | D:1      | Reached XP level 2. HP: 25/26 MP: 1/1
  1052 | D:1      | Reached skill level 5 in Axes
  1507 | D:1      | Reached XP level 3. HP: 25/31 MP: 2/2
  1706 | D:1      | 1706 ||| UPGRADING to +0 cloak.
  1711 | D:1      | 1711 ||| UPGRADING to +0 leather armour.
  1721 | D:1      | 1721 ||| DROPPING +0 animal skin.
  1722 | D:1      | 1722 ||| UPGRADING to ring of see invisible.
  1723 | D:1      | 1723 ||| READING scroll labelled BIERRE GUHINEU.
  1905 | D:2      | 1905 ||| Stepping ~*~*~tactically~*~*~ (stealth).
  1925 | D:2      | 1925 ||| Stepping ~*~*~tactically~*~*~ (stealth).
  1969 | D:2      | 1969 ||| INVOKING Berserk.
  1971 | D:2      | HP: 11/46 [poisoned by a goblin]
  1974 | D:2      | HP: 2/31 [poisoned by a goblin]
  1975 | D:2      | Succumbed to a goblin's poison

Levels and vault maps discovered:
D:1:      enne_arrival_octagon_isle, layout_basic, serial_rivers,
          chequers_serial_rivers_marsh, chequers_serial_rivers_small_a,
          chequers_serial_rivers_micro_e, chequers_serial_rivers_marsh,
          chequers_serial_rivers_room_b, chequers_serial_rivers_micro_e
D:2:      cheibrodos_helix_gallery, layout_basic, basic_altar,
          minmay_misc_feat_tiny

Skill      XL: |  1  2 |
---------------+-------+-----
Axes           | 4 5 |  5.3
Fighting       | |  3.6
Armour         | |  2.4
Dodging        | |  2.1

Action                   || total
-------------------------++-------
Melee: Hand axe          ||    65
       Headbutt          ||     6
Invok: Berserk           ||     2
  Use: Scroll            ||     1
Armor: Animal skin       ||     9
       Leather armour    ||     1
Dodge: Dodged            ||    24

Table legend:
 A = Non-vault XP
 B = Vault XP
 C = Vault XP percentage of total XP
 D = Non-vault monster count
 E = Vault monster count
 F = Vault count percentage of total count
                 A         B        C        D         E       F
            +---------+---------+-------+---------+---------+-------
      Total |      54 |       0 |   0.0 |      32 |       0 |   0.0
            +---------+---------+-------+---------+---------+-------
        D:1 |      45 |       0 |   0.0 |      27 |       0 |   0.0
        D:2 |       9 |       0 |   0.0 |       5 |       0 |   0.0
            +---------+---------+-------+---------+---------+-------
